 Dungeon Crawl Stone Soup version 0.31-a0-765-g67fe2935dc (webtiles) character file.

Game seed: 8988628056120793843

411 IdlyInterested the Trooper (level 6, 0/52 HPs)
             Began as a Demonspawn Fighter on Sept 15, 2023.
             Slain by a sleepcap (4 damage)
             ... on level 5 of the Dungeon.
             The game lasted 00:08:53 (3672 turns).

IdlyInterested the Trooper (Demonspawn Fighter)     Turns: 3672, Time: 00:08:53

Health: 0/52       AC:  4    Str: 16    XL:     6   Next: 58%
Magic:  6/6        EV:  2    Int: 10    God:
Gold:   173        SH:  0    Dex: 14    Spells: 5/5 levels left

rFire   + . .        a - +0 rapier
rCold   . . .        c - +0 buckler
rNeg    . . .        v - +0 leather armour {rF+}
rPois   .            (no helmet)
rElec   .            (no cloak)
rCorr   .            (no gloves)
SInv    .            (no boots)
Will    .....        n - amulet of regeneration
Stlth   ++           (no ring)
HPRegen 1.08/turn    (no ring)
MPRegen 0.10/turn

%: no passive effects
@: sleeping
A: rugged brown scales 1, demonic guardian 1
a: no special abilities


You were on level 5 of the Dungeon.
You visited 1 branch of the dungeon, and saw 5 of its levels.

You collected 173 gold pieces.

Inventory:

Hand Weapons
 a - a +0 rapier (weapon)
 i - a +0 great sword
 r - the +8 spear of Theory {heavy, rF- rN+ rCorr Int+5}
   (You found it on level 4 of the Dungeon)

   Int+5:     It affects your intelligence (+5).
   rF-:       It makes you vulnerable to fire.
   rN+:       It protects you from negative energy.
   rCorr:     It protects you from acid and corrosion.
Missiles
 f - 51 stones (quivered)
 o - 3 poisoned darts
Armour
 b - a +0 scale mail
 c - a +0 buckler (worn)
 l - a +0 chain mail
 v - a +0 leather armour of fire resistance (worn)
Jewellery
 m - an amulet of guardian spirit
 n - an amulet of regeneration (around neck)
Scrolls
 e - 3 scrolls of teleportation
 k - 2 scrolls of silence
 p - a scroll of immolation {unknown}
 s - a scroll of poison {unknown}
 t - a scroll of fear {unknown}
 u - a scroll of fog {unknown}
Potions
 d - a potion of lignification {unknown}
 g - 2 potions of brilliance
 h - 2 potions of resistance
 j - a potion of mutation
 q - a potion of magic
 w - a potion of attraction {unknown}


   Skills:
 + Level 5.4 Fighting
 - Level 1.7 Short Blades
 - Level 1.0 Throwing
 - Level 3.0 Armour
 - Level 1.0 Dodging
 + Level 3.7 Stealth
 - Level 2.6 Shields
 - Level 1.0 Evocations
 - Level 1.0 Shapeshifting


You had 5 spell levels left.
You didn't know any spells.
Your spell library contained the following spells:

 Spells                   Type           Power      Damage    Failure   Level
 Sandblast                Erth           0%         2d4       52%         1
 Passwall                 Tmut/Erth      0%         N/A       67%         2
 Inner Flame              Hex/Fire       0%         N/A       88%         3
 Stone Arrow              Conj/Erth      0%         3d7       88%         3
 Flame Wave               Conj/Fire      0%         2d4       99%         4
 Sticky Flame             Conj/Fire      0%         2d3       99%         4


Dungeon Overview and Level Annotations

Branches:
Dungeon (5/15)
 Temple: D:4-7

Altars:
Qazlal
Uskayaw
Vehumet

Shops:
D:2 (


Innate Abilities, Weirdness & Mutations

You are partially covered in rugged brown scales. (AC +1, +3% HP)
A weak demonic guardian rushes to your aid.


Message History

HP restored.
Okay, then.
There is a stone staircase leading down here.
You climb downwards.
There is a stone staircase leading up here.
Found a stone staircase leading down.
You now have 165 gold pieces (gained 8).
Okay, then.
Okay, then.
You now have 173 gold pieces (gained 8).
A white imp comes into view.
A sleepcap comes into view.
The white imp gestures at you. The puff of frost hits you!
The white imp gestures at you. The puff of frost hits you!
The sleepcap closely misses you.
You hit the sleepcap but do no damage. The sleepcap releases spores at you!
The white imp hits you but does no damage.
You hit the sleepcap.
The sleepcap is lightly damaged.
The sleepcap closely misses you. The white imp hits you.
The white imp freezes you.
You hit the sleepcap but do no damage.
The sleepcap is lightly damaged.
The white imp barely misses you. The sleepcap barely misses you.
You hit the sleepcap.
The sleepcap is moderately damaged.
The white imp gestures at you. The puff of frost hits you!
The sleepcap closely misses you.
You hit the sleepcap but do no damage.
The sleepcap is moderately damaged.
The white imp gestures at you. The puff of frost hits you!
* * * LOW HITPOINT WARNING * * *
A demonic guardian appears!
The sleepcap releases spores at you.
* * * LOW HITPOINT WARNING * * *
You are engulfed in a cloud of soporific spores!
You fall asleep.
The sleepcap releases spores at you.
You die...

#...#
#...#
#...#
#...# #...
##### #..#
....#
#f5#.....#
#@.#..$..#
#..5.....#
##.##.#.##
#....#
#..###.#
#......#
###.######
#....#
#....#


You could see a sleepcap, a white imp (ally target) and a friendly shadow imp
(summoned).

Vanquished Creatures
  A sky beast (D:4)
  A scorpion (D:5)
  A hound (D:3)
  An iguana (D:5)
  4 adders
  2 worms
  4 orcs
  9 ball pythons
  9 endoplasms
  A giant cockroach (D:1)
  4 goblins (D:1)
  7 hobgoblins
  3 jackals (D:3)
  6 kobolds
  5 quokkas
  5 bats
  4 frilled lizards
  4 rats
71 creatures vanquished.

Vanquished Creatures (collateral kills)
  An ogre (D:4)
  2 dart slugs
  An orc (D:4)
4 creatures vanquished.

Grand Total: 75 creatures vanquished

Notes
Turn   | Place    | Note
-------+----------+-------------------------------------------
     0 | D:1      | IdlyInterested the Demonspawn Fighter began the quest for
                  | the Orb.
     0 | D:1      | Reached XP level 1. HP: 18/18 MP: 1/1
    84 | D:1      | Found a faded altar of an unknown god.
   105 | D:1      | Gained mutation: You are partially covered in rugged brown
                  | scales. (AC +1, +3% HP) [demonic ancestry]
   105 | D:1      | Reached XP level 2. HP: 18/24 MP: 2/2
   314 | D:1      | Reached skill level 1 in Dodging
   783 | D:2      | Reached skill level 1 in Stealth
   862 | D:2      | Reached XP level 3. HP: 29/29 MP: 3/3
   959 | D:2      | Found Hoaqiq's Antique Weapon Emporium.
  1053 | D:2      | Reached skill level 1 in Throwing
  1545 | D:2      | Found a radiant altar of Vehumet.
  1957 | D:3      | Reached skill level 1 in Evocations
  2058 | D:3      | Reached skill level 1 in Shapeshifting
  2058 | D:3      | Gained mutation: A weak demonic guardian rushes to your
                  | aid. [demonic ancestry]
  2058 | D:3      | Reached XP level 4. HP: 35/38 MP: 4/4
  2177 | D:3      | Reached skill level 4 in Fighting
  2384 | D:3      | Found a hide-covered altar of Uskayaw.
  2536 | D:4      | Found a stormy altar of Qazlal.
  2536 | D:4      | Noticed a sky beast
  2538 | D:4      | Noticed an ogre
  2589 | D:4      | Killed a sky beast
  2590 | D:4      | Reached XP level 5. HP: 24/44 MP: 5/5
  2597 | D:4      | Killed an ogre
  2598 | D:4      | Reached skill level 5 in Fighting
  2598 | D:4      | Reached XP level 6. HP: 15/52 MP: 6/6
  2767 | D:4      | Identified the +8 spear of Theory {heavy, rF- rN+ rCorr
                  | Int+5}
  3430 | D:5      | Entered Level 5 of the Dungeon
  3672 | D:5      | Slain by a sleepcap

Illustrated notes

Levels and vault maps discovered:
D:1:      dpeg_arrival_erosion, layout_basic,
          dreamdust_ecumenical_altar_statues, hex_large, palyth_stone_intersect
D:2:      layout_basic, basic_altar, serial_shops, shop
D:3:      layout_rooms, nicolae_uskayaw_suspiria, minmay_close_crescents
D:4:      layout_basic, nicolae_qazlal_beasts_of_the_sky
D:5:      layout_basic, nicolae_figureground_pulse, uniq_ijyb, uniq_edmund,
          uniq_blork_the_orc

Skill      XL: |  1  2  3  4  5 |
---------------+----------------+-----
Armour         | 3 |  3.0
Dodging        | 1 |  1.0
Stealth        | 1 2 3 |  3.7
Throwing       | 1 |  1.0
Evocations     | 1 |  1.0
Shapeshifting  | 1 |  1.0
Fighting       | 4 5 |  5.4
Short Blades   | |  1.7
Shields        | |  2.6

Action                     |  1- 3 |  4- 6 || total
---------------------------+-------+-------++-------
  Melee: Rapier            |   169 |   156 ||   325
  Throw: Stone             |       |     6 ||     6
    Use: Scroll            |     6 |     1 ||     7
         Potion            |     1 |     4 ||     5
   Stab: Sleeping          |       |     1 ||     1
 Armour: Scale mail        |    48 |       ||    48
         Chain mail        |    41 |    60 ||   101
         Leather armour    |       |    76 ||    76
  Dodge: Dodged            |    75 |    85 ||   160
  Block: Buckler           |    35 |    27 ||    62

Table legend: (Time is in decaauts)
 A = Elapsed time spent in this place.
 B = Non-inter-level travel time spent in this place.
 C = Inter-level travel time spent in this place.
 D = Time resting spent in this place.
 E = Time spent auto-exploring this place.
 F = Levels seen in this place.
 G = Mean time per level.
                   A        B        C        D        E       F      G
               +--------+--------+--------+--------+--------+-----+--------+
         Total |   3704 |   3337 |    367 |    234 |   2113 |   5 |  740.8 |
       Dungeon |   3704 |   3337 |    367 |    234 |   2113 |   5 |  740.8 |
               +--------+--------+--------+--------+--------+-----+--------+

Top non-repeatable levels by time:
     D:4: 1046 daAuts
     D:2: 1043 daAuts
     D:1: 824 daAuts
     D:3: 674 daAuts
     D:5: 116 daAuts
